Map: Ley Lines

Players

Illua - Winner!

  • Race: Zerg Zerg
  • League: Platinum
  • Spawn Location: 7:00

MinaMax

  • Race: Zerg Zerg
  • League: Platinum
  • Spawn Location: 1:00

VOD

Have the link to the VOD?

Description

Time

  • Played on: April 12, 2025, 11:15 a.m.
  • Length: 4:35
Show
View Real Time Build Order
Export as new Build Order

Illua Zerg - Winner!

Build Orders: Hatch First 

Get SALT Encoding   

  12  0:00  Drone  
  13  0:13  Overlord  
  13  0:17  Drone  
  14  0:31  Drone x2  
  16  0:47  Hatchery  
  15  0:51  Drone  
  15  0:54  Drone  
  17  0:57  Drone  
  18  1:09  Drone  
  18  1:11  Extractor  
  18  1:17  Spawning Pool  
  17  1:19  Drone  
  18  1:28  Drone  
  19  1:40  Drone  
  20  1:50  Overlord  
  20  2:04  Queen x2  
  20  2:05  Zergling x4  
  26  2:10  Drone  
  26  2:11  Drone  
  28  2:16  Metabolic Boost  
  28  2:21  Drone  
  28  2:22  Drone  
  30  2:35  Overlord  
  30  2:38  Zergling x2  
  31  2:44  Zergling x4  
  31  2:48  Queen  
  35  2:54  Overlord x2  
  36  3:05  Drone  
  36  3:06  Drone  
  37  3:16  Zergling x4  
  39  3:24  Zergling x12  
  45  3:38  Zergling x4  
  47  3:47  Zergling x4  
  49  3:59  Zergling x14  
  49  4:00  Zergling x2  
  52  4:13  Zergling x4  
Show
View Real Time Build Order
Export as new Build Order

MinaMax Zerg 

Build Orders: Pool First 

Get SALT Encoding   

  12  0:00  Drone  
  13  0:08  Drone  
  14  0:17  Overlord  
  14  0:25  Extractor  
  14  0:26  Drone  
  15  0:35  Drone  
  15  0:36  Drone  
  17  0:44  Drone  
  18  0:53  Spawning Pool  
  18  0:55  Extractor  
  18  0:56  Drone  
  17  1:06  Overlord  
  17  1:23  Drone  
  18  1:37  Drone  
  19  1:44  Queen  
  21  1:47  Drone, Hatchery  
  21  2:02  Metabolic Boost  
  21  2:04  Drone  
  21  2:05  Drone  
  23  2:11  Extractor  
  23  2:14  Drone  
  23  2:29  Roach Warren  
  22  2:36  Drone x2  
  24  2:39  Queen  
  26  2:52  Zergling x2  
  27  3:07  Zergling x2  
  27  3:08  Zergling x6  
  31  3:20  Lair  
  31  3:21  Queen  
  33  3:34  Overlord  
  33  3:35  Drone  
  31  3:50  Zergling x10  
  29  4:14  Zergling x2  
  29  4:15  Zergling x12  
Tags
 
Add a new tag
Caveats
  • Supply blocks, unpowered buildings, or Contaminate may cause inaccurate times.
  • Supply counts are checked every 10 seconds.